Map: Triton LE

Players

llllllllllll - Winner!

  • Race: Terran Terran
  • League: Master
  • Spawn Location: 11:00

Hardwell

  • Race: Protoss Protoss
  • League: Master
  • Spawn Location: 5:00

VOD

Have the link to the VOD?

Description

Time

  • Played on: Jan. 15, 2020, 5:06 p.m.
  • Length: 17:35
Show
View Real Time Build Order
Export as new Build Order

llllllllllll Terran - Winner!

Build Orders: Gas First Reaper Expand, Mech 

Get SALT Encoding   

  12  0:00  SCV  
  13  0:12  SCV  
  14  0:17  Supply Depot  
  14  0:25  SCV  
  14  0:28  Refinery  
  15  0:38  SCV  
  16  0:45  Barracks  
  16  0:51  SCV  
  17  1:03  SCV  
  18  1:16  SCV  
  19  1:32  Orbital Command, Reaper  
  20  1:46  Command Center  
  20  1:58  Factory  
  20  2:02  SCV  
  20  2:06  Barracks Reactor  
  21  2:10  Refinery  
  21  2:14  SCV  
  22  2:22  Supply Depot  
  22  2:26  SCV  
  23  2:44  SCV  
  23  2:49  Starport  
  24  2:54  Hellion  
  24  2:56  SCV  
  27  3:01  Barracks Tech Lab  
  27  3:04  Orbital Command  
  26  3:07  Hellion  
  26  3:11  SCV  
  29  3:15  Hellion  
  31  3:23  SCV  
  32  3:27  Viking  
  32  3:29  Supply Depot  
  32  3:33  SCV  
  35  3:41  Marine x2  
  35  3:45  SCV  
  38  3:50  SCV  
  38  3:53  Supply Depot  
  38  3:55  Cyclone  
  42  3:57  SCV  
  42  4:02  SCV  
  44  4:09  SCV  
  45  4:14  SCV  
  45  4:15  Command Center  
  46  4:24  Marine x2  
  44  4:27  SCV  
  44  4:29  Refinery  
  44  4:30  Refinery  
  44  4:31  Supply Depot, SCV  
  48  4:37  Cyclone  
  51  4:39  SCV  
  51  4:42  Marine x2  
  51  4:43  SCV  
  55  4:46  Supply Depot  
  55  4:52  SCV  
  56  4:58  Factory x2  
  56  5:00  SCV  
  56  5:03  Starport Tech Lab  
  57  5:08  SCV  
  57  5:11  Siege Tank  
  57  5:12  SCV  
  62  5:18  Supply Depot  
  62  5:20  SCV  
  63  5:24  SCV  
  62  5:30  Armory  
  62  5:31  Orbital Command, Armory  
  62  5:34  SCV  
  61  5:39  SCV  
  62  5:43  Siege Tank  
  62  5:46  SCV  
  62  5:49  Hellion x2  
  70  5:51  SCV  
  71  5:58  SCV  
  71  6:02  Orbital Command  
  71  6:03  SCV  
  73  6:08  Barracks Tech Lab, Starport Reactor  
  73  6:09  Factory x2  
  73  6:10  SCV  
  74  6:12  Engineering Bay  
  74  6:16  SCV  
  75  6:23  Refinery, SCV  
  75  6:24  Refinery  
  76  6:26  Terran Vehicle Weapons Level 1, Terran Vehicle And Ship Armor Level 1  
  76  6:27  Supply Depot  
  76  6:28  SCV  
  76  6:32  Siege Tank  
  80  6:37  Siege Tank  
  80  6:39  SCV x2  
  85  6:48  SCV  
  85  6:52  SCV  
  87  6:54  Supply Depot  
  87  6:55  Supply Depot  
  87  6:56  Supply Depot  
  87  6:57  SCV  
  87  7:00  Barracks Reactor, SCV  
  89  7:04  SCV  
  89  7:05  Siege Tank  
  89  7:06  Hellion x2  
  97  7:09  SCV  
  97  7:12  SCV  
  97  7:13  Hellion x2  
  101  7:18  Siege Tank  
  101  7:19  Siege Tank  
  101  7:21  SCV x2  
  107  7:32  Command Center  
  107  7:34  SCV x3  
  110  7:41  Infernal Pre-Igniter  
  110  7:47  Hellion x2, Supply Depot, Siege Tank  
  110  7:48  Supply Depot  
  110  7:49  Supply Depot  
  117  7:55  SCV  
  117  7:56  SCV  
  117  7:57  SCV  
  120  7:59  Siege Tank x2  
  120  8:04  Missile Turret  
  120  8:05  Hellion x2  
  130  8:12  Smart Servos  
  130  8:19  Siege Tank  
  133  8:21  Factory  
  133  8:23  Factory  
  133  8:24  Factory  
  133  8:26  Hellion  
  135  8:29  Hellion  
  135  8:31  Siege Tank  
  135  8:32  Siege Tank  
  139  8:42  Hellion  
  139  8:45  SCV x2  
  139  8:46  SCV  
  144  8:51  Siege Tank  
  144  8:54  Sensor Tower  
  147  8:56  Hellion  
  147  8:57  Hellion  
  147  8:58  Terran Vehicle And Ship Armor Level 2, Terran Vehicle Weapons Level 2  
  151  9:03  Supply Depot  
  151  9:05  Supply Depot  
  151  9:06  Supply Depot, Factory Tech Lab  
  151  9:07  Factory Tech Lab  
  151  9:08  Factory Reactor  
  151  9:12  Planetary Fortress  
  151  9:14  SCV x2  
  151  9:16  SCV  
  154  9:18  Sensor Tower  
  154  9:20  Hellion  
  154  9:21  Hellion  
  154  9:23  Hellion  
  160  9:25  Hellion  
  160  9:27  Siege Tank  
  165  9:32  Siege Tank  
  165  9:33  Supply Depot  
  165  9:36  Siege Tank  
  171  9:40  SCV x3  
  171  9:41  Refinery  
  171  9:42  Refinery  
  171  9:45  Hellion x3, Siege Tank  
  183  9:49  Hellion x10  
  183  9:54  Command Center  
  182  10:00  Missile Turret x2  
  182  10:02  Hellion, Siege Tank x2  
  182  10:05  Missile Turret  
  190  10:11  Mag-Field Accelerator, Drilling Claws  
  190  10:14  Hellion x3, Siege Tank  
  195  10:38  Hellion, Siege Tank  
  200  10:47  Hellion, Siege Tank  
  200  10:49  Hellion x2, Siege Tank x2  
  196  11:00  Hellion, Siege Tank  
  196  11:01  Hellion x2  
  163  11:09  Hellion  
  163  11:10  Siege Tank  
  163  11:11  Hellion x2  
  134  11:19  Siege Tank  
  134  11:21  Hellion, Siege Tank  
  134  11:22  Hellion x3  
  148  11:30  Hellion  
  148  11:31  Engineering Bay x3  
  148  11:32  Hellion x2, Siege Tank  
  152  11:42  Siege Tank x2  
  152  11:43  Hellion x3  
  158  11:50  Engineering Bay  
  158  11:51  Engineering Bay, Siege Tank  
  158  11:52  Hellion  
  158  11:53  Siege Tank  
  166  12:03  Planetary Fortress  
  166  12:05  SCV x4  
  166  12:07  Terran Vehicle Weapons Level 3  
  166  12:08  Neosteel Armor  
  170  12:14  Hellion  
  175  12:16  Command Center  
  175  12:19  Hellion, Siege Tank  
  176  12:25  Hellion, Siege Tank  
  176  12:27  Hellion  
  179  12:32  Hellion  
  179  12:34  Terran Vehicle And Ship Armor Level 3  
  179  12:37  SCV x4  
  175  12:45  Missile Turret  
  175  12:46  Command Center  
  175  12:50  Hellion, Siege Tank x2  
  175  12:51  Hellion x2  
  187  12:53  Hellion  
  187  12:57  Hellion  
  187  12:58  Hellion x13  
  189  12:59  Siege Tank  
  189  13:00  Hellion x2  
  196  13:08  Siege Tank  
  196  13:10  Hellion  
  200  13:14  Supply Depot  
  200  13:25  Hellion, Siege Tank  
  198  13:29  Hellion x2, Siege Tank  
  198  13:31  Hellion  
  191  13:44  Siege Tank  
  191  13:45  Hellion  
  196  13:51  Siege Tank  
  196  13:52  Hellion  
  190  13:57  Hellion x2, Siege Tank x2  
  177  14:23  Orbital Command, Hellion, Siege Tank x2  
  177  14:24  Hellion, Siege Tank  
  163  14:28  Planetary Fortress  
  134  14:48  Missile Turret  
  134  14:50  Hellion, Siege Tank x2  
  134  14:52  Missile Turret  
  136  15:02  Siege Tank  
  136  15:03  Hellion x2, Siege Tank  
  142  15:08  Hellion, Siege Tank  
  142  15:09  Hellion x11  
  142  15:12  Sensor Tower  
  147  15:16  Missile Turret  
  147  15:20  Hellion  
  149  15:22  Siege Tank  
  149  15:23  Siege Tank  
  155  15:28  Hellion  
  155  15:35  Siege Tank, SCV x3  
  161  15:47  SCV x2  
  157  15:56  Command Center  
  157  15:57  Orbital Command  
  157  16:09  Hellion, Siege Tank  
  165  16:14  Siege Tank  
  165  16:17  Hellion  
  165  16:44  Hellion x3, Siege Tank x2  
  165  16:45  Command Center  
  177  17:00  Siege Tank  
  177  17:01  Hellion x3, Siege Tank  
  189  17:05  Hellion  
  187  17:12  Hellion  
  187  17:13  Hellion  
Show
View Real Time Build Order
Export as new Build Order

Hardwell Protoss 

Build Orders: 1 Gate Expand, Oracle Opening, Archon Immortal 

Get SALT Encoding   

  12  0:00  Probe  
  13  0:12  Probe  
  14  0:17  Pylon  
  14  0:25  Probe (Chrono Boost)  
  15  0:37  Probe (Chrono Boost), Gateway  
  16  0:44  Probe (Chrono Boost)  
  16  0:45  Assimilator  
  17  0:51  Probe  
  18  1:03  Probe  
  19  1:15  Probe  
  20  1:22  Nexus  
  20  1:32  Cybernetics Core  
  20  1:35  Probe  
  21  1:40  Assimilator  
  21  1:47  Probe  
  21  1:49  Pylon  
  22  1:58  Probe  
  23  2:05  Adept (Chrono Boost)  
  23  2:06  Probe  
  25  2:14  Probe  
  26  2:20  Stargate  
  27  2:25  Probe  
  27  2:27  Stalker  
  30  2:35  Warp Gate  
  31  2:37  Probe (Chrono Boost)  
  31  2:43  Probe (Chrono Boost)  
  32  2:48  Probe (Chrono Boost)  
  33  2:53  Probe  
  34  3:03  Probe (Chrono Boost), Oracle  
  38  3:07  Pylon  
  38  3:08  Probe (Chrono Boost)  
  39  3:15  Probe (Chrono Boost)  
  41  3:22  Probe x2 (Chrono Boost)  
  41  3:23  Robotics Facility  
  42  3:29  Probe  
  42  3:30  Probe  
  42  3:33  Gateway  
  44  3:35  Gateway  
  44  3:41  Probe, Assimilator x2  
  45  3:42  Probe  
  46  3:50  Gateway  
  46  3:51  Gateway  
  46  3:53  Probe  
  46  3:54  Probe  
  46  3:56  Shield Battery  
  46  4:02  Shield Battery  
  46  4:05  Probe  
  46  4:06  Probe  
  48  4:14  Observer (Chrono Boost)  
  49  4:17  Probe  
  49  4:22  Probe  
  51  4:25  Sentry  
  51  4:29  Pylon  
  51  4:30  Pylon  
  53  4:45  Immortal (Chrono Boost), Probe, Robotics Bay  
  54  4:46  Twilight Council  
  54  4:47  Probe  
  54  4:50  Phoenix (Chrono Boost)  
  61  4:53  Adept x2  
  61  4:54  Adept  
  61  4:57  Probe  
  61  4:59  Probe  
  69  5:09  Probe  
  70  5:19  Pylon  
  70  5:24  Nexus  
  70  5:32  Stargate  
  70  5:37  Phoenix, Probe x2  
  74  5:49  Probe x2  
  76  5:51  Pylon  
  76  6:01  Probe x2  
  76  6:03  Charge  
  77  6:04  Nexus  
  77  6:06  Colossus (Chrono Boost)  
  83  6:13  Probe x2  
  83  6:18  Pylon  
  85  6:25  Probe  
  86  6:36  Probe  
  86  6:37  Probe  
  86  6:38  Gateway  
  86  6:39  Gateway  
  88  6:40  Probe  
  88  6:43  Pylon x2  
  88  6:44  Assimilator  
  88  6:45  Assimilator  
  88  6:46  Sentry x2, Zealot  
  95  6:48  Probe  
  95  6:49  Probe  
  95  6:52  Probe  
  98  7:00  Probe  
  99  7:05  Probe  
  106  7:12  Probe  
  106  7:14  Probe  
  107  7:15  Probe  
  107  7:17  Probe  
  109  7:23  Robotics Facility  
  109  7:24  Probe (Chrono Boost)  
  109  7:25  Immortal (Chrono Boost), Robotics Facility  
  109  7:29  Probe x2 (Chrono Boost)  
  110  7:32  Probe (Chrono Boost)  
  110  7:36  Probe (Chrono Boost)  
  112  7:42  Probe (Chrono Boost)  
  112  7:43  Probe x2 (Chrono Boost)  
  112  7:44  Blink, Zealot x3  
  115  7:45  Probe (Chrono Boost), Zealot x2  
  115  7:46  Probe (Chrono Boost), Assimilator  
  115  7:48  Assimilator  
  127  7:54  Probe  
  127  7:55  Probe x2  
  128  8:02  Immortal (Chrono Boost), Gateway, Templar Archives  
  128  8:03  Gateway  
  128  8:05  Gateway  
  132  8:07  Forge  
  132  8:08  Forge  
  132  8:09  Probe  
  133  8:19  Zealot x3  
  139  8:22  Pylon x2  
  139  8:24  Pylon  
  139  8:25  Pylon  
  139  8:32  Pylon  
  138  8:37  Immortal (Chrono Boost)  
  138  8:38  Immortal x2 (Chrono Boost), Protoss Ground Armor Level 1  
  148  8:46  High Templar x4  
  148  8:47  Zealot  
  158  8:48  Protoss Ground Weapons Level 1  
  158  9:02  Gateway  
  158  9:06  Gateway  
  158  9:07  Gateway, Archon x2  
  158  9:08  Warp Prism (Chrono Boost)  
  160  9:11  Zealot x4  
  160  9:12  Pylon  
  160  9:13  Dark Shrine  
  160  9:14  Pylon  
  168  9:21  Nexus  
  168  9:23  Immortal (Chrono Boost)  
  172  9:38  Immortal (Chrono Boost)  
  176  9:46  Assimilator  
  176  9:51  Assimilator  
  176  9:52  Pylon  
  176  10:11  Immortal (Chrono Boost)  
  176  10:13  Immortal (Chrono Boost)  
  184  10:16  High Templar x4  
  184  10:17  High Templar x5  
  184  10:20  Archon x2  
  184  10:21  Archon x2  
  198  10:32  Zealot  
  200  10:37  Zealot  
  186  10:49  High Templar x2  
  178  10:50  Zealot x7  
  178  10:54  Archon  
  147  11:14  Protoss Ground Armor Level 2, Protoss Ground Weapons Level 2  
  147  11:19  Stalker x2  
  147  11:20  Stalker x2  
  147  11:22  Stalker x7  
  165  11:46  Dark Templar x6, Shadow Stride (Chrono Boost)  
  165  11:47  Dark Templar x5  
  175  11:55  Photon Cannon  
  175  11:59  Photon Cannon  
  154  12:18  Probe x4  
  154  12:19  Zealot x4  
  154  12:22  Probe  
  156  12:26  Stalker  
  158  12:30  Probe x3  
  158  12:31  Probe  
  162  12:37  Probe  
  162  12:42  Probe x2  
  162  12:43  Probe  
  166  12:48  Photon Cannon  
  166  12:50  Zealot  
  166  12:51  Photon Cannon x2  
  168  12:57  Gravitic Drive (Chrono Boost)  
  168  13:05  Probe x2  
  166  13:20  Nexus  
  166  13:21  Pylon, Nexus  
  166  13:22  Stalker  
  166  13:24  Stalker, Zealot x8  
  184  13:27  Stalker  
  182  13:44  Zealot x3  
  182  13:45  Zealot x4  
  165  14:00  Stalker  
  165  14:05  Stalker x2, Zealot  
  165  14:06  Zealot x4  
  179  14:14  Archon x2  
  107  14:29  Immortal x3  
  107  14:30  Probe  
  104  14:33  Dark Templar x3  
  104  14:34  Dark Templar x5  
  104  14:35  Dark Templar  
  121  14:39  Probe  
  121  14:40  Probe (Chrono Boost)  
  121  14:44  Probe x2 (Chrono Boost)  
  125  14:47  Assimilator x2  
  125  14:48  Assimilator  
  125  14:51  Assimilator  
  125  14:52  Probe (Chrono Boost)  
  123  14:55  Probe (Chrono Boost)  
  123  14:58  Probe (Chrono Boost)  
  121  15:00  Probe x2 (Chrono Boost)  
  121  15:01  Probe (Chrono Boost)  
  121  15:02  Probe (Chrono Boost)  
  121  15:03  Probe (Chrono Boost)  
  121  15:05  Probe (Chrono Boost)  
  121  15:06  Probe (Chrono Boost), Stalker  
  121  15:07  Probe x2, Stalker  
  127  15:11  Probe  
  127  15:13  Probe  
  131  15:16  Probe  
  131  15:18  Probe  
  131  15:19  Probe x2  
  129  15:24  Probe  
  129  15:25  Probe  
  122  15:36  Probe x5  
  122  15:38  Probe  
  123  15:52  Probe x2  
  123  15:53  Probe x2  
  123  15:55  Archon x3  
  123  15:56  High Templar x8  
  142  15:59  Zealot  
  142  16:00  Archon x3  
  142  16:01  Archon  
  142  16:02  Probe  
  145  16:06  Probe x2  
  145  16:08  Immortal  
  145  16:09  Immortal  
  155  16:18  Warp Prism  
  155  16:30  Probe x4  
  155  16:31  Probe x2  
  161  16:42  Probe x4  
  161  16:43  Probe  
  161  16:44  Probe  
  159  16:54  Probe x3  
  155  17:06  Zealot x9  
  104  17:26  Zealot x8  
  104  17:27  Zealot  
Tags
 
Add a new tag
Caveats
  • Supply blocks, unpowered buildings, or Contaminate may cause inaccurate times.
  • Supply counts are checked every 10 seconds.